 Dungeon Crawl Stone Soup version 0.24.1-8-ga250c9d538 (webtiles) character file.

Game seed: 15388579433790949979, levelgen mode: deterministic

90 MenacingMecha the Poker (level 4, 0/35 HPs)
             Began as a Merfolk Skald on May 6, 2020.
             Slain by an orc wizard
             ... wielding a +0 dagger
              (2 damage)
             ... on level 2 of the Dungeon.
             The game lasted 00:03:37 (2000 turns).

MenacingMecha the Poker (Merfolk Skald)             Turns: 2000, Time: 00:03:38

Health: 0/35       AC:  6    Str: 12      XL:     4   Next: 56%
Magic:  6/7        EV: 11    Int: 12      God:
Gold:   119        SH:  0    Dex: 10 (13) Spells: 6/7 levels left

rFire    . . .     SeeInvis .   a - +0 spear
rCold    . . .     Gourm    .   (no shield)
rNeg     . . .     Faith    .   l - +0 ring mail
rPois    .         Spirit   .   (no helmet)
rElec    .         Reflect  .   b - +0 cloak
rCorr    .         Harm     .   (no gloves)
MR       .....                  (no boots)
Stlth    ..........             (no amulet)
HPRegen  0.11/turn              (no ring)
MPRegen  0.10/turn              (no ring)

@: very slightly contaminated
A: change form in water, swift swim, stealthy swim
a: no special abilities


You were on level 2 of the Dungeon.
You were hungry.

You visited 1 branch of the dungeon, and saw 2 of its levels.

You collected 119 gold pieces.

Inventory:

Hand Weapons
 a - a +0 spear (weapon)
Armour
 b - a +0 cloak (worn)
 l - a +0 ring mail (worn)
Jewellery
 i - an uncursed amulet of guardian spirit {unknown}
Scrolls
 c - a scroll of magic mapping {unknown}
 e - a scroll of random uselessness {unknown}
 f - 2 scrolls of teleportation
 g - a scroll of fog
 j - a scroll of enchant armour {unknown}
 k - a scroll of fear {unknown}
Comestibles
 d - 3 rations


   Skills:
 + Level 3.0 Fighting
 * Level 6.2 Polearms
 - Level 0.6 Armour
 - Level 2.6 Dodging
 - Level 2.0 Spellcasting
 - Level 3.2 Charms


You had 6 spell levels left.
You knew the following spells:

 Your Spells              Type           Power        Failure   Level  Hunger
a - Infusion              Chrm           #...         16%         1    ##.....

Your spell library contained the following spells:

 Spells                   Type           Power        Failure   Level  Hunger
 Song of Slaying          Chrm           #.......     24%         2    ###....
 Shroud of Golubria       Chrm/Tloc      #.....       43%         2    ###....
 Regeneration             Chrm/Necr      #.........   67%         3    ####...
 Spectral Weapon          Hex/Chrm       #.......     67%         3    ####...


Dungeon Overview and Level Annotations

Branches:
Dungeon (2/15)

Altars:
Nemelex Xobeh
Qazlal


Message History

Attack whom?
Press: ? - help, Dir - move target cursor, f/p - orc priest
Aim: an orc priest, wielding a -2 short sword (severely wounded)
The orc is in the way.
You hit the orc.
You kill the orc!
The orc wizard hits you with a +0 dagger.
The orc priest mumbles some strange prayers to Beogh against you.
Beogh smites you!
* * * LOW HITPOINT WARNING * * *
Attack whom?
Press: ? - help, Dir - move target cursor, f/p - orc priest
Aim: an orc priest, wielding a -2 short sword (severely wounded)
You reach to attack!
You hit the orc priest.
You kill the orc priest!
You feel your intelligence returning.
Your Fighting skill increases to level 3!
Your Polearms skill increases to level 6!
The orc completely misses you.
The orc wizard hits you with a +0 dagger.
You die...

## ##### #.## ### #....
#... ..## #.### #....
...## #####.###
##....###[..####........
....w)oo................
#######@''#########.#...
#######...#########.#.#.
#§§§§☼#...#§§§☼☼###.#.#.
#°§§.§#.≈.#°§§○.###...#≈
#○§○○§#...#°○°.○#####..#
#§§§§§#...#§§○☼.##.÷)..≈
#°§○§§#...#§○°..#####..^
#######...########....^^
≈......._.......≈####...


You could see an orc wizard, a dart slug and an orc.

Vanquished Creatures
  An orc priest (D:2)
  A worm (D:2)
  A dart slug (D:1)
  A leopard gecko (D:2)
  2 orcs (D:2)
  A giant cockroach (D:2)
  7 goblins
  8 hobgoblins
  6 bats
  3 frilled lizards (D:1)
  12 kobolds
  7 rats (D:1)
50 creatures vanquished.

Notes
Turn   | Place    | Note
-------+----------+-------------------------------------------
     0 | D:1      | MenacingMecha the Merfolk Skald began the quest for the
                  | Orb.
     0 | D:1      | Reached XP level 1. HP: 16/16 MP: 3/3
    78 | D:1      | Reached XP level 2. HP: 22/23 MP: 5/5
   204 | D:1      | Reached skill level 4 in Polearms
   583 | D:1      | Reached XP level 3. HP: 28/28 MP: 6/6
  1047 | D:2      | Found a stormy altar of Qazlal.
  1139 | D:2      | Reached skill level 5 in Polearms
  1962 | D:2      | Found a sparkling altar of Nemelex Xobeh.
  1986 | D:2      | Reached XP level 4. HP: 25/34 MP: 7/7
  2000 | D:2      | Reached skill level 6 in Polearms
  2000 | D:2      | Slain by an orc wizard

Levels and vault maps discovered:
D:1:      beargit_arrival_greenhouse, layout_basic, minmay_pentomino_r4
D:2:      cheibrodos_greedy_goblins, layout_basic, nemelex_altar_shiori,
          grunt_qazlal_sundering

Skill      XL: |  1  2  3  4 |
---------------+-------------+-----
Polearms       | 4 5 6 |  6.2
Fighting       | 3 |  3.0
Armour         | |  0.6
Dodging        | |  2.6
Spellcasting   | |  2.0
Charms         | |  3.2

Action                   |  1- 3 |  4- 6 || total
-------------------------+-------+-------++-------
Melee: Spear             |   179 |    12 ||   191
  Use: Scroll            |     3 |       ||     3
       Potion            |     1 |       ||     1
 Stab: Sleeping          |     1 |       ||     1
  Eat: Chunk             |     3 |       ||     3
Armor: Leather armour    |    16 |       ||    16
       Ring mail         |    11 |     5 ||    16
Dodge: Dodged            |    66 |     6 ||    72
